 Dungeon Crawl Stone Soup version 0.28.0-53-g5a82cb258f (webtiles) character file.

Game seed: 15615422557583501141

2921 issech the Cruncher (level 9, 0/79 HPs)
             Began as a Minotaur Monk on June 1, 2022.
             Slain by a centaur (6 damage)
             ... on level 6 of the Dungeon.
             The game lasted 00:19:45 (6008 turns).

issech the Cruncher (Minotaur Monk)                 Turns: 6008, Time: 00:19:46

Health: 0/79       AC:  7    Str: 17    XL:     9   Next: 50%
Magic:  8/8        EV:  8    Int:  7    God:
Gold:   297        SH:  0    Dex: 22    Spells: 8/8 levels left

rFire   . . .      SeeInvis .   p - +2 quarterstaff (spect)
rCold   . . .      Faith    .   (shield currently unavailable)
rNeg    . . .      Spirit   .   K - +0 plate armour
rPois   .          Reflect  .   (helmet restricted)
rElec   .          Harm     .   (no cloak)
rCorr   .          Rampage  .   M - +0 pair of gloves
Will    .....                   (no boots)
Stlth   ..........              (no amulet)
HPRegen 0.23/turn               J - +6 ring of dexterity
MPRegen 0.11/turn               (no ring)

@: corroded
A: horns 2, retaliatory headbutt
a: no special abilities


You were on level 6 of the Dungeon.
You visited 1 branch of the dungeon, and saw 6 of its levels.

You collected 297 gold pieces.

Inventory:

Hand Weapons
 f - a +0 long sword
 l - a +0 lajatang
 m - a +0 hunting sling
 o - a +0 dagger of protection
 p - a +2 spectral quarterstaff (weapon)
 t - a +1 vorpal hand axe
 u - a +0 war axe
 w - a +1 flail of protection
 D - a +0 great sword
 E - a +0 morningstar
 F - a +0 shortbow
 I - a +0 flail of protection
 Q - a +2 whip of electrocution
 R - a +0 short sword of venom
Missiles
 c - 152 stones (quivered)
 g - 105 arrows
 k - 81 sling bullets
 x - a silver boomerang
 P - 7 poisoned darts
 S - a curare-tipped dart
Armour
 s - a +0 chain mail
 K - a +0 plate armour (worn)
 M - a +0 pair of gloves (worn)
Magical Staves
 a - a staff of fire
Jewellery
 J - a +6 ring of dexterity (left hand)
Wands
 i - a wand of iceblast (8)
 B - a wand of acid (5)
 H - a wand of flame (7)
Scrolls
 d - 2 scrolls of identify
 h - 2 scrolls of noise
 j - a scroll of brand weapon
 n - 4 scrolls of fog
 q - a scroll of teleportation
 r - a scroll of holy word
 y - a scroll of magic mapping
 z - a scroll of blinking
 O - a scroll of fear
Potions
 b - a potion of magic {unknown}
 e - 2 potions of attraction {unknown}
 v - a potion of mutation {unknown}
 A - 2 potions of brilliance {unknown}
 C - a potion of degeneration {unknown}
 G - 2 potions of heal wounds {unknown}
 L - 2 potions of curing {unknown}
 N - a potion of haste {unknown}


   Skills:
 + Level 7.4 Fighting
 + Level 5.5 Axes
 + Level 9.3 Staves
 + Level 1.1 Throwing
 + Level 8.8 Armour
 + Level 4.6 Dodging
 + Level 2.6 Stealth


You had 8 spell levels left.
You didn't know any spells.
Your spell library contained the following spells:

 Spells                   Type           Power      Damage    Failure   Level
 Corpse Rot               Necr/Air       0%         N/A       100%        2
 Summon Guardian Golem    Hex/Summ       0%         N/A       100%        3
 Dispel Undead            Necr           0%         3d6       100%        4
 Death Channel            Necr           0%         N/A       100%        6
 Orb of Destruction       Conj           0%         9d5       100%        7
 Spellforged Servitor     Conj/Summ      0%         N/A       100%        7


Dungeon Overview and Level Annotations

Branches:
Dungeon (6/15)
 Temple: D:4-7

Altars:
Nemelex Xobeh
Wu Jian

Shops:
D:2 (


Innate Abilities, Weirdness & Mutations

You have a pair of horns on your head.
You reflexively headbutt those who attack you in melee.


Message History

You hit the acid dragon but do no damage.
The acid dragon is lightly wounded.
The centaur barely misses you.
The centaur kicks you but does no damage.
You sock the acid dragon!
The acid dragon is heavily wounded.
The centaur barely misses you. You furiously retaliate!
You headbutt the centaur. The centaur kicks you.
The acid dragon barely misses you. x2
The centaur hits you but does no damage.
The centaur kicks you but does no damage.
The centaur wields a +0 shortbow.
The centaur shoots an arrow.
The arrow hits you!
You hit the acid dragon. Your headbutt misses the acid dragon.
The acid dragon is heavily wounded.
The acid dragon bites you. The acid dragon claws you.
You hit the acid dragon. You headbutt the acid dragon!
The acid dragon is almost dead.
The acid dragon closely misses you.
The acid dragon claws you but does no damage.
You hit the acid dragon but do no damage.
You headbutt the acid dragon, but do no damage.
The acid dragon is almost dead.
The acid dragon spits acid at you. The splash of acid hits you!!
* * * LOW HITPOINT WARNING * * *
The acid corrodes you!
You sock the acid dragon!
You kill the acid dragon!
The acid dragon scales are intact enough to wear.
The centaur shoots an arrow.
The arrow hits you!
* * * LOW HITPOINT WARNING * * *
The centaur unwields a +0 shortbow.
The centaur hits you but does no damage.
The centaur kicks you but does no damage.
You hit the centaur but do no damage.
The centaur is lightly wounded.
The centaur barely misses you. You furiously retaliate!
You headbutt the centaur! The centaur barely misses you. The centaur hits you.
You die...

#.# #.# #.# #.###.## ######
#.# #.#≈≈≈≈###≈≈≈≈#####.#
#.#≈##≈≈..≈##≈≈..##.#######
...≈≈##≈≈≈≈≈##≈≈≈≈≈≈≈.....#
≈≈≈≈≈≈##############≈≈≈≈≈.##
≈######..≈#..≈.#.≈.#####≈≈≈##
##.#.#.#.#..#.#.#c#....###≈≈#
..≈.≈...#..≈.#.≈@#..#...:##≈#
##.#.#.#..#)#.#.#[....####≈≈#
≈######.#≈.#.≈.#.######≈≈≈≈##
≈≈≈≈≈≈############≈≈≈≈≈≈..##
.##≈≈##≈≈≈≈≈≈≈≈##≈≈#..##..#
.##≈##≈≈####.≈##≈≈.#.###.<#
###≈≈≈≈.# #.≈≈≈≈.........# #
###.#.# #.##..########.# #
#...# #.###.#### #.#


You could see a centaur.

Vanquished Creatures
  A hydra (D:6)
  A vampire (D:6)
  An acid dragon (D:6)
  Duvessa (D:4)
  A water moccasin (D:6)
  2 black bears
  2 sky beasts
  3 centaurs
  2 phantoms (D:5)
  2 kobold brigands (D:6)
  2 bullfrogs
  A wyvern zombie (D:6)
  A water moccasin zombie (D:5)
  2 scorpions
  Dowan (D:4)
  2 water moccasin skeletons (D:6)
  2 howler monkeys
  A centaur zombie (D:6)
  2 hounds
  A jelly (D:4)
  A bullfrog skeleton (D:6)
  An orc wizard (D:4)
  An iguana (D:6)
  A hound zombie (D:5)
  A hound skeleton (D:5)
  7 adders
  3 ufetubi
  An adder skeleton (D:5)
  3 worms
  4 dart slugs
  25 orcs
  6 endoplasms
  9 goblins
  7 hobgoblins
  2 jackals (D:2)
  10 kobolds
  2 quokkas
  5 ball pythons
  4 bats
  7 frilled lizards
  9 rats
140 creatures vanquished.

Notes
Turn   | Place    | Note
-------+----------+-------------------------------------------
     0 | D:1      | issech the Minotaur Monk began the quest for the Orb.
     0 | D:1      | Reached XP level 1. HP: 19/19 MP: 0/0
   245 | D:1      | Reached XP level 2. HP: 25/27 MP: 1/1
   445 | D:1      | Found a faded altar of an unknown god.
   902 | D:1      | Reached XP level 3. HP: 26/33 MP: 2/2
  1350 | D:2      | Reached skill level 1 in Armour
  1490 | D:2      | Found Arhipura's Weapon Shoppe.
  1492 | D:2      | Reached XP level 4. HP: 41/41 MP: 3/3
  2066 | D:3      | Found an ornate altar of the Wu Jian Council.
  2650 | D:4      | Reached XP level 5. HP: 47/47 MP: 4/4
  2694 | D:4      | Reached skill level 1 in Staves
  2736 | D:4      | Noticed a sky beast
  2742 | D:4      | Killed a sky beast
  2743 | D:4      | Reached skill level 5 in Fighting
  2743 | D:4      | Reached skill level 5 in Axes
  2743 | D:4      | Reached skill level 2 in Staves
  2744 | D:4      | Reached XP level 6. HP: 44/56 MP: 5/5
  2856 | D:4      | Reached skill level 3 in Staves
  2856 | D:4      | Reached skill level 1 in Throwing
  3024 | D:4      | Reached XP level 7. HP: 61/61 MP: 6/6
  3233 | D:4      | Noticed Dowan
  3238 | D:4      | Killed Dowan
  3239 | D:4      | Reached skill level 4 in Staves
  3244 | D:4      | Noticed Duvessa
  3256 | D:4      | Killed Duvessa
  3863 | D:5      | Entered Level 5 of the Dungeon
  3907 | D:5      | Found a sparkling altar of Nemelex Xobeh.
  4041 | D:5      | Reached skill level 5 in Staves
  4289 | D:5      | Reached skill level 5 in Armour
  4290 | D:5      | Reached XP level 8. HP: 64/70 MP: 7/7
  4296 | D:5      | Reached skill level 6 in Staves
  4847 | D:6      | Noticed a four-headed hydra
  4894 | D:6      | Killed a four-headed hydra
  4895 | D:6      | Reached skill level 8 in Staves
  4895 | D:6      | Reached XP level 9. HP: 50/78 MP: 8/8
  5806 | D:6      | Reached skill level 9 in Staves
  6008 | D:6      | Slain by a centaur

Illustrated notes

Levels and vault maps discovered:
D:1:      dpeg_arrival_central, layout_loops_ring,
          ebering_ecumenical_altar_rust, minmay_lizard_pond
D:2:      layout_rooms, serial_shops, shop
D:3:      layout_loops_cross, nicolae_wu_jian_wuxing_cycle, dk_noncrumbling_3
D:4:      layout_basic, uniq_duvessa
D:5:      layout_rooms, lemuel_coloured_pillars_altar, amethyst_killhole
D:6:      minmay_opposing_rooms, layout_loops_ring, minmay_manual_mullet

Skill      XL: |  1  2  3  4  5  6  7  8  9 |
---------------+----------------------------+-----
Axes           | 4 5 |  5.5
Fighting       | 4 5 6 7 |  7.4
Armour         | 1 2 3 5 7 8 |  8.8
Dodging        | 4 |  4.6
Staves         | 2 3 5 8 9 |  9.3
Stealth        | 2 |  2.6
Throwing       | 1 |  1.1

Action                   |  1- 3 |  4- 6 |  7- 9 || total
-------------------------+-------+-------+-------++-------
Melee: Hand axe          |    83 |    32 |       ||   115
       Headbutt          |    12 |    15 |    24 ||    51
       Punch             |     1 |     1 |       ||     2
       Quarterstaff      |       |    42 |   105 ||   147
Throw: Stone             |       |     3 |       ||     3
  Use: Scroll            |       |       |     8 ||     8
 Stab: Distracted        |       |       |     1 ||     1
Armor: Ring mail         |    27 |    11 |       ||    38
       Chain mail        |       |    19 |    27 ||    46
       Plate armour      |       |       |    34 ||    34
Dodge: Dodged            |    61 |    51 |    53 ||   165
